Construct Section Command Post
Selects Australian Defense Battlegroup
Selects Australian Light Infantry Section
Australian Light Infantry Section
Australian Light Infantry Section
Construct Section Command Post
Construct Field Infirmary
Selects 2-pounder Anti-tank Gun Team
Construct Platoon Command Post
6-pounder Anti-tank Gun Team
Selects CMP 15cwt Supply Run
2-pounder Anti-tank Gun Team
Construct Company Command Post
Unlock M3 Grant Medium Tanks